 Dungeon Crawl Stone Soup version 0.20.1-1-g8b1a95d (webtiles) character file.

126 Linguinho the Sneak (level 4, -3/34 HPs)
             Began as a Demonspawn Assassin on Oct 30, 2017.
             Slain by Crazy Yiuf
             ... wielding a +2 quarterstaff of chaos
              (7 damage)
             ... on level 3 of the Dungeon.
             The game lasted 00:06:31 (3140 turns).

Linguinho the Sneak (Demonspawn Assassin)           Turns: 3140, Time: 00:06:32

Health: -3/34      AC:  7    Str: 13    XL:     4   Next: 83%
Magic:  4/4        EV: 12    Int: 12    God:
Gold:   148        SH:  0    Dex: 14    Spells: 3/3 levels left

rFire    . . .     SeeInvis .   p - +0 mace (curse)
rCold    . . .     Gourm    .   (no shield)
rNeg     . . .     Faith    .   r - +0 leather armour (curse)
rPois    .         Spirit   .   (helmet restricted)
rElec    .         Reflect  .   d - +0 cloak
rCorr    .         Harm     .   (no gloves)
MR       .....                  n - +2 pair of boots
Stlth    ++........             (no amulet)
Regen    0.2/turn               (no ring)
MPRegen  0.1/turn               (no ring)

@: no status effects
A: horns 1, rot immunity
a: no special abilities


You were on level 3 of the Dungeon.
You were not hungry.

You visited 1 branch of the dungeon, and saw 3 of its levels.

You collected 148 gold pieces.

Inventory:

Hand Weapons
 a - a +2 dagger
 b - a +0 blowgun
 p - a cursed +0 mace (weapon)
Missiles
 e - 42 poisoned needles
 f - 2 curare-tipped needles
 m - 6 needles of sleeping
Armour
 d - a +0 cloak (worn)
 n - a +2 pair of boots (worn)
 r - a cursed +0 leather armour (worn)
Scrolls
 c - a scroll of enchant armour {unknown}
 j - a scroll of immolation {unknown}
 k - 2 scrolls of identify {unknown}
 l - a scroll of recharging {unknown}
 v - a scroll of remove curse {unknown}
Potions
 h - a potion of lignification {unknown}
 o - a potion of flight {unknown}
 s - a potion of magic {unknown}
 t - a potion of heal wounds {unknown}
Books
 q - a book of Misfortune

   Spells                             Type                      Level
   a - Confusing Touch                Hexes                        1
   b - Confuse                        Hexes                        3
   c - Gell's Gravitas                Translocation                3
   d - Petrify                        Transmutation/Earth          4
   e - Metabolic Englaciation         Hexes/Ice                    5
   f - Yara's Violent Unravelling     Hexes/Transmutation          5
Comestibles
 g - 2 bread rations
 i - a meat ration
 u - 2 fruits


   Skills:
 + Level 2.6 Fighting
 - Level 2.0 Short Blades
 * Level 1.1 Maces & Flails
 + Level 1.7 Throwing
 * Level 1.2 Armour
 * Level 2.1 Dodging
 + Level 4.4 Stealth


You had 3 spell levels left.
You didn't know any spells.

Dungeon Overview and Level Annotations

Branches:
Dungeon (3/15)

Altars:
Okawaru
Uskayaw
The Shining One

Annotations:
D:3 Crazy Yiuf, Grinder


Innate Abilities, Weirdness & Mutations

You have a pair of small horns on your head.
You are immune to rotting.


Message History

Crazy Yiuf the Enlightened comes into view.
He is wielding a quarterstaff of chaos.
Found four maces.
There is an open door here.
You see here a mace.
The helpless Crazy Yiuf fails to defend himself.
You hit Crazy Yiuf. You headbutt Crazy Yiuf.
Crazy Yiuf is moderately wounded.
Crazy Yiuf flaps his cloak.
Crazy Yiuf hits you with a quarterstaff of chaos!
You are electrocuted!
Ouch! That really hurt!
* * * LOW HITPOINT WARNING * * *
You hit Crazy Yiuf but do no damage. Your headbutt misses Crazy Yiuf.
Crazy Yiuf is moderately wounded.
Crazy Yiuf closely misses you.
You sock Crazy Yiuf!
Crazy Yiuf is heavily wounded.
Crazy Yiuf says, "Liver mobile light!"
Crazy Yiuf hits you with a quarterstaff of chaos!
You die...

♣PP)♣
##.#########
♣♣.♣♣
#.)........
♣♣.♣
###########
♣.♣♣ ♣♣.♣
♣)♣♣ ##'##
#...# #)@)#
#)g.# #####


You could see Crazy Yiuf.

Vanquished Creatures
  A worker ant (D:3)
  4 adders
  2 worms
  A dart slug (D:1)
  2 leopard geckos
  An orc (D:3)
  A ball python (D:1)
  5 bats
  5 giant cockroaches
  7 goblins
  8 hobgoblins
  2 frilled lizards
  10 kobolds
  4 rats
  A fungus (D:3)
54 creatures vanquished.

Notes
Turn   | Place    | Note
-------+----------+-------------------------------------------
     0 | D:1      | Linguinho the Demonspawn Assassin began the quest for the Orb.
     0 | D:1      | Reached XP level 1. HP: 16/16 MP: 1/1
    86 | D:1      | Gained mutation: You are immune to rotting. [demonic ancestry]
    86 | D:1      | Reached XP level 2. HP: 19/22 MP: 2/2
   194 | D:1      | Reached skill level 4 in Stealth
   907 | D:2      | Gained mutation: You have a pair of small horns on your head. [demonic ancestry]
   907 | D:2      | Reached XP level 3. HP: 28/28 MP: 3/3
   961 | D:2      | Found an iron altar of Okawaru.
   969 | D:2      | Reached skill level 1 in Dodging
  1254 | D:2      | Found a hide-covered altar of Uskayaw.
  1679 | D:2      | Found a glowing golden altar of the Shining One.
  1729 | D:2      | Reached XP level 4. HP: 34/34 MP: 4/4
  1742 | D:2      | Reached skill level 1 in Armour
  2129 | D:3      | Noticed Grinder
  2180 | D:3      | Paralysed by Grinder for 5 turns
  2262 | D:3      | Reached skill level 1 in Maces & Flails
  2437 | D:3      | Noticed a sky beast
  3130 | D:3      | Found a runed door.
  3134 | D:3      | Noticed Crazy Yiuf
  3140 | D:3      | Slain by Crazy Yiuf

Skill      XL: |  1  2  3  4 |
---------------+-------------+-----
Stealth        | 4 |  4.4
Short Blades   | 2 |  2.0
Dodging        | 1 2 |  2.1
Armour         | 1 |  1.2
Maces & Flails | 1 |  1.1
Fighting       | |  2.6
Throwing       | |  1.7

Action                   |  1- 3 |  4- 6 || total
-------------------------+-------+-------++-------
Melee: Dagger            |    92 |       ||    92
       Mace              |    41 |    79 ||   120
       Headbutt          |     7 |    10 ||    17
 Stab: Sleeping          |    12 |     6 ||    18
  Eat: Chunk             |     2 |     1 ||     3
       Bread ration      |       |     1 ||     1
Armor: Robe              |    33 |       ||    33
       Leather armour    |    18 |    24 ||    42
Dodge: Dodged            |    64 |    35 ||    99
